 Dungeon Crawl Stone Soup version 0.30-b1-2-g02819fbbbe (webtiles) character file.

Game seed: 5530655591726365997

143 decrepitude the Cudgeller (level 5, -1/45 HPs)
             Began as a Naga Warper on May 19, 2023.
             Slain by a gnoll
             ... wielding a +0 flail
              (10 damage)
             ... on level 3 of the Dungeon.
             The game lasted 00:03:36 (2420 turns).

decrepitude the Cudgeller (Naga Warper)             Turns: 2420, Time: 00:03:37

Health: -1/45      AC:  3    Str: 15    XL:     5   Next: 25%
Magic:  8/8        EV:  9    Int: 14    God:
Gold:   76         SH:  0    Dex: 10    Spells: 4/8 levels left

rFire   . . .        a - +0 mace
rCold   . . .        (no shield)
rNeg    . . .        b - +0 leather armour
rPois   +            (no helmet)
rElec   .            (no cloak)
rCorr   .            (no gloves)
SInv    +            (no barding)
Will    +....        (no amulet)
Stlth   +            o - ring of willpower
HPRegen 0.27/turn    (no ring)
MPRegen 0.11/turn

%: no passive effects
@: very slow
A: AC +1, large, see invisible, deformed body, poison resistance, slowness 2,
spit poison 1, naga tail 1
a: Spit Poison


You were on level 3 of the Dungeon.
You visited 1 branch of the dungeon, and saw 3 of its levels.

You collected 76 gold pieces.

Inventory:

Hand Weapons
 a - a +0 mace (weapon)
Missiles
 d - 5 boomerangs of dispersal (quivered)
 k - 4 curare-tipped darts
 n - a poisoned dart
Armour
 b - a +0 leather armour (worn)
Jewellery
 o - a ring of willpower (left hand)
Scrolls
 c - a scroll of blinking
 e - 5 scrolls of teleportation
 f - 2 scrolls of vulnerability
 g - 2 scrolls of poison
Potions
 i - a potion of lignification
 j - a potion of brilliance {unknown}
 m - a potion of invisibility {unknown}
 p - a potion of magic {unknown}
 q - a potion of ambrosia {unknown}


   Skills:
 - Level 2.0 Fighting
 + Level 5.3 Maces & Flails
 - Level 0.8 Throwing
 - Level 0.7 Armour
 - Level 1.5 Dodging
 - Level 2.0 Spellcasting
 - Level 3.0 Translocations


You had 4 spell levels left.
You knew the following spells:

 Your Spells              Type           Power      Damage    Failure   Level
a - Blink                 Tloc           18%        N/A       13%         2
b - Lesser Beckoning      Tloc           18%        N/A       13%         2

Your spell library contained the following spells:

 Spells                   Type           Power      Damage    Failure   Level
 Teleport Other           Tloc           9%         N/A       26%         3
 Vhi's Electric Charge    Tloc/Air       10%        N/A       43%         3
 Volatile Blastmotes      Fire/Tloc      10%        2d10      43%         3
 Manifold Assault         Tloc           9%         N/A       63%         4
 Iskenderun's Mystic Bla  Conj/Tloc      5%         2d3       83%         4
 Fulminant Prism          Conj/Hex       0%         3d5       96%         4
 Lee's Rapid Deconstruct  Erth           0%         3d4*      100%        5


Dungeon Overview and Level Annotations

Branches:
Dungeon (3/15) Zot: 14857

Altars:
Elyvilon


Innate Abilities, Weirdness & Mutations

Your serpentine skin is tough. (AC +1)
You have supernaturally acute eyesight. (SInv)
Armour fits poorly on your strangely shaped body.
Your system is resistant to poisons. (rPois)
You cover ground very slowly.
You can spit poison.
You have a snake-like lower body.


Message History

The gnoll hits you from afar with a +0 vampiric spear.
* * * LOW HITPOINT WARNING * * *
The gnoll draws strength from your wounds!
A gnoll comes into view. It is wielding a +0 flail.
You take 2 damage, and have 23/45 hp.
Okay, then.
The gnoll hits you from afar with a +0 vampiric spear.
* * * LOW HITPOINT WARNING * * *
The gnoll draws strength from your wounds!
You take 4 damage, and have 19/45 hp.
The gnoll hits you from afar with a +0 vampiric spear.
* * * LOW HITPOINT WARNING * * *
You take 1 damage, and have 18/45 hp.
The gnoll barely misses you.
The gnoll shouts!
Aiming: Spit Poison (1% risk of failure)
Press: ? - help, Shift-Dir - straight line, f/p - gnoll
Aim: a gnoll, wielding a +0 vampiric spear (lightly wounded, 65% to hit)
Okay, then.
Unknown command.
A rat comes into view.
The rat bites you.
* * * LOW HITPOINT WARNING * * *
You take 2 damage, and have 19/45 hp.
The gnoll attacks as you move away! The gnoll closely misses you.
The rat attacks as you move away! The rat barely misses you. The rat bites you.
* * * LOW HITPOINT WARNING * * *
The gnoll misses you.
You take 1 damage, and have 18/45 hp.
The rat bites you.
* * * LOW HITPOINT WARNING * * *
You take 3 damage, and have 15/45 hp.
The rat attacks as you move away! The rat barely misses you.
The gnoll hits you from afar with a +0 vampiric spear.
* * * LOW HITPOINT WARNING * * *
The gnoll draws strength from your wounds!
The rat bites you.
* * * LOW HITPOINT WARNING * * *
The gnoll hits you with a +0 flail!
You die...

..# #.#.....# #.# ..#
#.###g### #.# ### #.#
#g####### #)# #.#
#.#.....# #.# ...
#.#.....# #.# ...
#.#.....#######.# ...
#.gg....†.......#
...##...gg..#########
.........r@.......
...##.#.#############
.............#<......#
....##.#)###.#######.#
... #.#.#...........#
. #.#.#.#.#########
#...#.# #####.# #.#


You could see 4 gnolls and a rat.

Vanquished Creatures
  A scorpion (D:3)
  Terence (D:2)
  A gnoll (D:1)
  A dart slug (D:2)
  2 ball pythons
  3 bats
  7 endoplasms
  2 giant cockroaches
  8 goblins
  6 hobgoblins
  6 kobolds
  4 quokkas
  A frilled lizard (D:2)
  6 rats (D:1)
49 creatures vanquished.

Notes
Turn   | Place    | Note
-------+----------+-------------------------------------------
     0 | D:1      | decrepitude the Naga Warper began the quest for the Orb.
     0 | D:1      | Reached XP level 1. HP: 19/19 MP: 3/3
   123 | D:1      | Reached XP level 2. HP: 25/26 MP: 5/5
   252 | D:1      | Reached skill level 3 in Maces & Flails
   744 | D:1      | Reached XP level 3. HP: 32/32 MP: 6/6
  1307 | D:2      | Noticed Terence
  1317 | D:2      | Killed Terence
  1318 | D:2      | Reached skill level 4 in Maces & Flails
  1318 | D:2      | Reached XP level 4. HP: 22/39 MP: 7/7
  1729 | D:2      | Learned a level 2 spell: Blink
  1832 | D:2      | Found a white marble altar of Elyvilon.
  2144 | D:3      | Learned a level 2 spell: Lesser Beckoning
  2195 | D:3      | Noticed a scorpion
  2333 | D:3      | Killed a scorpion
  2334 | D:3      | Reached skill level 5 in Maces & Flails
  2334 | D:3      | Reached XP level 5. HP: 31/45 MP: 8/8
  2420 | D:3      | Slain by a gnoll

Illustrated notes

Levels and vault maps discovered:
D:1:      dpeg_arrival_ratfight, layout_basic
D:2:      minmay_kobold_bridge, layout_loops_ring, basic_altar, uniq_terence
D:3:      layout_basic, serial_shops, nicolae_shop_advertising_works
          [nicolae_subvault_shop_adworks], gup_sewer_entry_spiral

Skill      XL: |  1  2  3  4 |
---------------+-------------+-----
Maces & Flails | 3 4 5 |  5.3
Fighting       | |  2.0
Throwing       | |  0.8
Armour         | |  0.7
Dodging        | |  1.5
Spellcasting   | |  2.0
Translocations | |  3.0

Action                     |  1- 3 |  4- 6 || total
---------------------------+-------+-------++-------
  Melee: Mace              |    75 |    70 ||   145
         Punch             |     1 |       ||     1
  Throw: Boomerang         |     2 |       ||     2
         Dart              |     2 |     6 ||     8
Ability: Spit Poison       |     1 |     2 ||     3
    Use: Scroll            |     2 |     4 ||     6
 Armour: Leather armour    |     9 |    19 ||    28
  Dodge: Dodged            |    44 |    37 ||    81
